 Dungeon Crawl Stone Soup version 0.32-a0-791-gfc315c9ecd (webtiles) character file.

Game seed: 9256542666433890924

56 Doorstop00 the Trooper (level 3, -11/51 HPs)
             Began as a Minotaur Berserker on Mar 20, 2024.
             Was a Believer of Trog.
             Mangled by an ogre
             ... wielding a +0 giant club
              (22 damage)
             ... on level 2 of the Dungeon.
             The game lasted 00:04:59 (1189 turns).

Doorstop00 the Trooper (Minotaur Berserker)         Turns: 1189, Time: 00:05:00

Health: -11/51     AC:  9    Str: 21    XL:     3   Next: 71%
Magic:  2/2        EV:  7    Int:  6    God:    Trog [**....]
Gold:   79         SH:  0    Dex:  9    Spells: 2/2 levels left

rFire   . . .        a - +1 hand axe
rCold   . . .        (no shield)
rNeg    . . .        f - +0 chain mail
rPois   .            (helmet restricted)
rElec   .            (no cloak)
rCorr   .            (no gloves)
SInv    .            (no boots)
Will    .....        (no amulet) Stlth
                     (no ring)
HPRegen 0.28/turn    (no ring)
MPRegen 0.08/turn

%: no passive effects
@: berserking, very quick
A: horns 2, retaliatory headbutt
a: Renounce Religion, Berserk, Trog's Hand


You were on level 2 of the Dungeon.
You worshipped Trog.
Trog was pleased with you.
You visited 1 branch of the dungeon, and saw 2 of its levels.

You collected 79 gold pieces.

Inventory:

Hand Weapons
 a - a +1 hand axe (weapon)
Armour
 f - a +0 chain mail (worn)
Jewellery
 b - a ring of flight
Scrolls
 c - 3 scrolls of enchant weapon
 d - a scroll of noise {unknown}


   Skills:
 * Level 4.5 Fighting
 * Level 4.5 Axes
 * Level 2.8 Armour
 * Level 2.5 Dodging


You had 2 spell levels left.
You didn't know any spells.
Your spell library was empty.

Dungeon Overview and Level Annotations

Branches:
Dungeon (2/15)

Altars:


Innate Abilities, Weirdness & Mutations

You have a pair of horns on your head.
You reflexively headbutt those who attack you in melee.


Message History

You now have 79 gold pieces (gained 8).
A ball python comes into view.
The ball python hisses angrily.
You hear a loud squeak.
You hear a shout!
A rat comes into view.
You hit the ball python.
You headbutt the ball python, but do no damage.
The ball python is moderately wounded.
The ball python bites you but does no damage.
The ball python grabs you. The ball python constricts you.
You closely miss the ball python.
The ball python is moderately wounded.
The ball python bites you but does no damage.
The ball python constricts you.
The ball python bites you but does no damage.
The ball python constricts you.
You slash the ball python!
You kill the ball python!
Trog accepts your kill.
You hit the rat.
You kill the rat!
Trog accepts your kill.
An ogre comes into view. It is wielding a +0 giant club.
Found a book of Decay.
The ogre shouts!
Things that are here:
a rat corpse; a ball python corpse You closely miss the ogre.
The ogre closely misses you.
You hit the ogre. You headbutt the ogre.
The ogre is lightly wounded.
You hit the ogre. You headbutt the ogre.
The ogre is moderately wounded.
The ogre hits you with a +0 giant club!
You completely miss the ogre.
The ogre is moderately wounded.
The ogre hits you with a +0 giant club!
* * * LOW HITPOINT WARNING * * *
A red film seems to cover your vision as you go berserk!
You feel yourself moving faster!
You feel mighty!
The ogre hits you with a +0 giant club!!
You die...

...######.#
#..# #..#
#..######.
#.........
##.######. #.#
##.###### #.#
#.#...#.### #.#
#.......@O# #.#
##....#..##..#
#.#
#....#..#.###:#
##.#
#......#.#.# #
...#
#...#.....###
.###
#.......###.##
.#
#.....#....#.#
.#
##..#...#.#####
.#
#.....#..#.###


You could see an ogre.

Vanquished Creatures
  An adder (D:2)
  A dart slug (D:2)
  4 bats
  4 endoplasms
  4 giant cockroaches
  4 goblins (D:1)
  4 hobgoblins
  2 jackals (D:1)
  6 ball pythons
  A frilled lizard (D:2)
  2 kobolds
  8 rats
41 creatures vanquished.

Notes
Turn   | Place    | Note
-------+----------+-------------------------------------------
     0 | D:1      | Doorstop00 the Minotaur Berserker began the quest for the
                  | Orb.
     0 | D:1      | Reached XP level 1. HP: 19/19 MP: 0/0
   157 | D:1      | Reached XP level 2. HP: 27/27 MP: 1/1
   711 | D:2      | Reached XP level 3. HP: 33/33 MP: 2/2
   733 | D:2      | Reached ** piety under Trog
  1184 | D:2      | Noticed an ogre
  1189 | D:2      | Mangled by an ogre

Illustrated notes

Levels and vault maps discovered:
D:1:      minmay_arrival_jagged, layout_rooms, hangedman_decor_growths,
          supply_closet_lemuel
D:2:      layout_loops_ring, minmay_increasing_density

Skill      XL: |  1  2 |
---------------+-------+-----
Fighting       | 4 |  4.5
Axes           | 4 |  4.5
Armour         | |  2.8
Dodging        | |  2.5

Action                     || total
---------------------------++-------
  Melee: Hand axe          ||    80
         Headbutt          ||    16
 Invoke: Berserk           ||     1
    Use: Scroll            ||     4
 Armour: Leather armour    ||    17
         Ring mail         ||    18
         Chain mail        ||    23
  Dodge: Dodged            ||    33

Table legend: (Time is in decaauts)
 A = Elapsed time spent in this place.
 B = Non-inter-level travel time spent in this place.
 C = Inter-level travel time spent in this place.
 D = Time resting spent in this place.
 E = Time spent auto-exploring this place.
 F = Levels seen in this place.
 G = Mean time per level.
                   A        B        C        D        E       F      G
               +--------+--------+--------+--------+--------+-----+--------+
         Total |   1195 |   1172 |     23 |    115 |    731 |   2 |  597.5 |
       Dungeon |   1195 |   1172 |     23 |    115 |    731 |   2 |  597.5 |
               +--------+--------+--------+--------+--------+-----+--------+

Top non-repeatable levels by time:
     D:1: 695 daAuts
     D:2: 500 daAuts
